 Dungeon Crawl Stone Soup version 0.30-a0-365-ge7f957f1db (webtiles) character file.

Game seed: 1784876173906135446

37 mopl the Caller (level 3, 0/28 HPs)
             Began as a Tengu Summoner on Nov 16, 2022.
             Succumbed to an adder's poison
             ... on level 2 of the Dungeon.
             The game lasted 00:01:51 (968 turns).

mopl the Caller (Tengu Summoner)                     Turns: 968, Time: 00:01:52

Health: 0/28       AC: 21    Str:  8    XL:     3   Next: 41%
Magic:  7/8        EV:  2    Int: 17    God:
Gold:   63         SH:  0    Dex: 14    Spells: 4/7 levels left

rFire   . . .      SeeInvis .    f - +1 spear
rCold   . . .      Faith    .    (no shield)
rNeg    . . .      Spirit   .    (body armour currently unavailable)
rPois   +          Reflect  .    (helmet currently unavailable)
rElec   .          Harm     .    (cloak currently unavailable)
rCorr   .          Rampage  .    (gloves currently unavailable)
Will    .....      NoTele   +    (boots unavailable)
Stlth   ++........               (no amulet)
HPRegen 0.24/turn                (no ring)
MPRegen 0.11/turn                (no ring)

@: lethally poisoned (0 -> -6), tree-form
A: stationary, stasis, torment immunity, boosted hp, (beak), (talons 3)
a: no special abilities


You were on level 2 of the Dungeon.
You were a tree.
You visited 1 branch of the dungeon, and saw 2 of its levels.

You collected 63 gold pieces.

Inventory:

Hand Weapons
 f - a +1 spear (weapon)
Missiles
 d - 3 boomerangs
 h - 5 poisoned darts
 j - a throwing net
Armour
 a - a +1 robe (melded)
Magical Staves
 c - a staff of poison
Scrolls
 e - a scroll of identify
 g - a scroll of fear
 m - a scroll of butterflies {unknown}
 n - a scroll of teleportation {unknown}
Potions
 b - a potion of magic


   Skills:
 - Level 2.1 Dodging
 - Level 2.0 Stealth
 + Level 2.8 Spellcasting
 + Level 5.5 Summonings


You had 4 spell levels left.
You knew the following spells:

 Your Spells              Type           Power      Damage    Failure   Level
a - Summon Small Mammal   Summ           84%        N/A       1%          1
b - Call Imp              Summ           21%        N/A       2%          2

Your spell library contained the following spells:

 Spells                   Type           Power      Damage    Failure   Level
 Call Canine Familiar     Summ           21%        N/A       5%          3
 Summon Guardian Golem    Hex/Summ       11%        N/A       17%         3
 Inner Flame              Hex/Fire       2%         N/A       47%         3
 Summon Lightning Spire   Summ/Air       11%        N/A       50%         4
 Cause Fear               Hex            1%         N/A       87%         4
 Discord                  Hex            1%         N/A       100%        8


Dungeon Overview and Level Annotations

Branches:
Dungeon (2/15)

Altars:


Innate Abilities, Weirdness & Mutations

You are a tree.
Your roots penetrate the ground, keeping you stationary.
You cannot be teleported.
You are immune to unholy pain and torment.
Your maximum health is greatly increased.
Your equipment is partially melded.
((You have a beak for a mouth.))
((You have claws for feet.))


Message History

You reach to attack!
You hit the adder.
The adder is heavily wounded.
The adder misses your crimson imp.
Your crimson imp blinks!
You reach to attack!
You barely miss the adder.
The adder is heavily wounded.
The adder bites you.
You are poisoned.
The adder poisons you!
You barely miss the adder. Your peck misses the adder.
The adder is heavily wounded.
You feel sick. The adder bites you.
You are more poisoned.
The adder poisons you!
You closely miss the adder. You claw the adder.
The adder is almost dead.
You feel sick. The adder bites you.
You are more poisoned.
The adder poisons you!
Your crimson imp hits the adder.
The adder dies!
It was a potion of lignification.
You turn into a tree.
Your +0 robe melds into your body.
Your roots penetrate the ground.
* * * LOW HITPOINT WARNING * * *
You feel very sick.
There is a lethal amount of poison in your body!
Okay, then.
As you read the scroll labelled NAETUI MIEHUNNATE, it crumbles to dust.
It is a scroll of identify.
g - a scroll of fear
* * * LOW HITPOINT WARNING * * *
You feel sick.
As you read the scroll labelled UCRANI VYRPH, it crumbles to dust.
It is a scroll of enchant weapon.
Your +0 spear glows red for a moment.
* * * LOW HITPOINT WARNING * * *
You feel sick.
As you read the scroll labelled HOLEIZX KUHELE, it crumbles to dust.
It is a scroll of enchant armour.
Your +0 robe glows green for a moment.
You die...

#.#################
#........♣.......>#
#.#######5......#.#
........#####.#.#
........# #.#.#
........# #.#.#
........# #.#.#######
#############.........#
.........#####.#
############.#####.##


You could see a friendly crimson imp (summoned).

Vanquished Creatures
  2 dart slugs (D:1)
  An endoplasm (D:1)
  A giant cockroach (D:2)
  3 hobgoblins (D:1)
  2 jackals (D:1)
  2 ball pythons
  3 bats (D:1)
  A frilled lizard (D:2)
  A kobold (D:1)
  3 rats
19 creatures vanquished.

Vanquished Creatures (collateral kills)
  An adder (D:2)
  A worm (D:2)
  A kobold (D:1)
3 creatures vanquished.

Grand Total: 22 creatures vanquished

Notes
Turn   | Place    | Note
-------+----------+-------------------------------------------
     0 | D:1      | mopl the Tengu Summoner began the quest for the Orb.
     0 | D:1      | Reached XP level 1. HP: 10/10 MP: 4/4
    86 | D:1      | Found a faded altar of an unknown god.
   148 | D:1      | Reached skill level 5 in Summonings
   217 | D:1      | Reached XP level 2. HP: 15/15 MP: 6/6
   220 | D:1      | Learned a level 2 spell: Call Imp
   805 | D:2      | Reached XP level 3. HP: 19/19 MP: 5/7
   968 | D:2      | Succumbed to an adder's poison

Illustrated notes

Levels and vault maps discovered:
D:1:      amcnicky_arrival_double_pillar, layout_loops_ring,
          basic_ecumenical_altar
D:2:      layout_basic, chequers_serial_rivers_room_b

Skill      XL: |  1 |
---------------+----+-----
Summonings     | 5 |  5.5
Dodging        | |  2.1
Stealth        | |  2.0
Spellcasting   | |  2.8

Action                   || total
-------------------------++-------
Melee: Staff             ||    13
       Spear             ||    65
       Kick              ||    14
       Peck              ||     7
 Cast: Summon Small Mamm ||     2
       Call Imp          ||     5
  Use: Scroll            ||     3
       Potion            ||     1
 Stab: Sleeping          ||     5
       Distracted        ||     1
Armor: Robe              ||    17
Dodge: Dodged            ||    43

Table legend: (Time is in decaauts)
 A = Elapsed time spent in this place.
 B = Non-inter-level travel time spent in this place.
 C = Inter-level travel time spent in this place.
 D = Time resting spent in this place.
 E = Time spent auto-exploring this place.
 F = Levels seen in this place.
 G = Mean time per level.
                   A        B        C        D        E       F      G
               +--------+--------+--------+--------+--------+-----+--------+
         Total |    976 |    954 |     22 |     43 |    705 |   2 |  488.0 |
       Dungeon |    976 |    954 |     22 |     43 |    705 |   2 |  488.0 |
               +--------+--------+--------+--------+--------+-----+--------+

Top non-repeatable levels by time:
     D:1: 774 daAuts
     D:2: 201 daAuts
